 Dungeon Sprint DCSS version 0.20-a0-972-gb9bd3e6 (webtiles) character file.

16846 ICHopper the Barachian Blade (level 12, -26/113 HPs)
             Began as a Barachi Berserker on Apr 9, 2017.
             Was a High Priest of Trog.
             Killed from afar by a fire giant (38 damage)
             ... with a bolt of fire
             ... in the Dungeon (Sprint IX: "|||||||||||||||||||||||||||||").
             The game lasted 00:06:34 (3045 turns).

ICHopper the Barachian Blade (Barachi Berserker)    Turns: 3045, Time: 00:06:35

Health: -26/113    AC: 25    Str: 19    XL:     12   Next: 41%
Magic:  12/12      EV:  7    Int: 11    God:    Trog [*****.]
Gold:   1943       SH: 18    Dex: 19    Spells: 11/11 levels left

rFire    . . .     SeeInvis .   B - +5 scimitar (elec)
rCold    . . .     Gourm    .   L - +1 large shield
rNeg     . . .     Faith    .   v - +5 plate armour "Qeraech" {Int+3}
rPois    +         Spirit   .   G - +0 helmet
rElec    .         Reflect  .   F - +0 cloak
rCorr    .         Harm     .   E - +0 pair of gloves
MR       ++...     NoTele   +   (no boots)
Stlth    ..........             (no amulet)
Regen    1.3/turn               q - +3 ring of dexterity
MPRegen  0.2/turn               n - ring of poison resistance

@: exhausted, very slightly contaminated, regenerating, slowed, very slow
A: +LOS, swims, slowness 1, strong legs 1
a: Hop, Berserk, Trog's Hand, Brothers in Arms, Burn Spellbooks, Renounce
Religion


You were in the Dungeon.
You worshipped Trog.
Trog was extremely pleased with you.
You were not hungry.

You visited 1 branch You collected 1943 gold pieces.

Inventory:

Hand Weapons
 a - a +2 double sword of holy wrath
 o - a +3 antimagic demon blade
 B - a +5 scimitar of electrocution (weapon)
Missiles
 j - 3 silver javelins (quivered)
 z - 6 poisoned tomahawks
 A - 8 poisoned javelins
 I - 6 silver tomahawks
Armour
 v - the +5 plate armour "Qeraech" (worn) {Int+3}
   (You found it in the Dungeon)

   It affects your intelligence (+3).
 E - a +0 pair of gloves (worn)
 F - a +0 cloak (worn)
 G - a +0 helmet (worn)
 L - a +1 large shield (worn)
Jewellery
 b - an uncursed ring of ice
 n - a ring of poison resistance (right hand)
 q - a +3 ring of dexterity (left hand)
 r - a +3 ring of intelligence
 H - an uncursed amulet of the gourmand
Wands
 m - a wand of iceblast (7/15)
Scrolls
 i - a scroll of blinking
 l - 3 scrolls of remove curse
 p - 2 scrolls of fog
 u - a scroll of magic mapping
 w - 2 scrolls of enchant armour
 x - 2 scrolls of enchant weapon
 y - a scroll of identify
 K - 4 scrolls of fear
Potions
 d - 9 potions of curing
 e - 7 potions of heal wounds
 f - a potion of haste
 g - 4 potions of magic
 h - 4 potions of berserk rage
 k - a potion of invisibility
 s - a potion of might
 t - 2 potions of resistance
 J - a potion of brilliance {unknown}
Comestibles
 c - 11 bread rations
 C - 13 meat rations
 D - 39 fruits


   Skills:
 + Level 16.5 Fighting
 * Level 22.2 Long Blades
 * Level 12.1 Throwing
 + Level 12.1 Armour
 + Level 6.9 Dodging
 * Level 10.1 Shields


You had 11 spell levels left.
You didn't know any spells.

Dungeon Overview and Level Annotations

Branches:
Dungeon (1/1)

Altars:
Cheibriados
Dithmenos
Elyvilon
Fedhas
Gozag
Hepliaklqana
Kikubaaqudgha
Makhleb
Nemelex Xobeh
Okawaru
Qazlal
Ru
Sif Muna
Trog
Uskayaw
Vehumet
Wu Jian
Xom
Yredelemnul
Zin
The Shining One
Beogh
Jiyva
Lugonu

Shops:
D :(:(


Innate Abilities, Weirdness & Mutations

Shadows flee at your approach. (+LOS)
You can swim through water.
You cover ground slowly.
You can hop short distances.


Message History

As you read the scroll of blinking, it crumbles to dust.
Your troll goes berserk!
You feel quite a bit more hungry.
You swap places.
The fire giant points at you and mumbles some strange words.
The fireball explodes!
The fireball engulfs your troll.
The fire giant points at you and mumbles some strange words.
The fireball explodes!
The fireball engulfs your troll.
Your troll dies!
Your troll's corpse disappears in a puff of smoke!
Your skin crawls.
You feel resistant to hostile enchantments.
You feel somewhat more hungry.
Your iron troll goes berserk!
You feel quite a bit more hungry.
The fire giant points at you and mumbles some strange words.
The bolt of fire hits your iron troll.
Your iron troll resists.
The bolt of fire hits you!
You die...

.÷÷.......)'.........'.†.......[.
▓▓▓▓▓▓▓▓▓▓▓▓▓▓▓▓▓▓▓▓▓▓▓▓▓▓▓▓▓▓▓▓▓
...............................))
▓▓▓▓▓▓▓▓▓▓▓▓▓▓▓▓▓▓▓▓▓▓▓▓▓▓▓▓▓▓▓▓▓
).....)))))).(.....(()))()∩)∩.∩.∩
▓▓▓▓▓▓▓▓▓▓▓▓▓▓▓▓▓▓▓▓▓▓▓▓▓▓▓▓▓▓▓▓▓
.........)..)....................
▓▓▓▓▓▓▓▓▓▓▓▓▓▓▓▓▓▓▓▓▓▓▓▓▓▓▓▓▓▓▓▓▓
))).[[[[.[[[....@T...CCC†)..C5CpO
▓▓▓▓▓▓▓▓▓▓▓▓▓▓▓▓▓▓▓▓▓▓▓▓▓▓▓▓▓▓▓▓▓


You could see a fire giant, 2 stone giants and a friendly iron troll (berserk).

Vanquished Creatures
  An ettin (D)
  Josephine (D)
  Harold (D)
  A death knight (D)
  An ogre mage (D)
  2 two-headed ogres (D)
  A tengu warrior (D)
  4 orc knights (D)
  An orc sorcerer (D)
  3 manticores (D)
  Maurice (D)
  3 spiny frogs (D)
  Psyche (D)
  2 komodo dragons (D)
  A troll (D)
  A meliai (D)
  2 polar bears (D)
  2 hippogriffs (D)
  3 wraiths (D)
  A vampire (D)
  A yak (D)
  2 water moccasins (D)
  8 orc warriors (D)
  6 black bears (D)
  A phantom (D)
  2 wolves (D)
  A centaur (D)
  A crocodile (D)
  3 bullfrogs (D)
  A howler monkey (D)
  A crimson imp (D)
  A hound (D)
  5 orc priests (D)
  3 orc wizards (D)
  A worker ant (D)
  A gnoll (D)
  2 adders (D)
  An adder zombie (D)
  A dart slug (D)
  4 orcs (D)
  2 bat skeletons (D)
  A hobgoblin (D)
  2 rats (D)
84 creatures vanquished.

Vanquished Creatures (collateral kills)
  An orc high priest (D)
  5 orc knights (D)
  A black mamba (D)
  A water moccasin (D)
  6 orc warriors (D)
  An orc wizard (D)
15 creatures vanquished.

Grand Total: 99 creatures vanquished

Notes
Turn   | Place    | Note
-------+----------+-------------------------------------------
     0 | D        | ICHopper the Barachi Berserker began the quest for the Orb.
     0 | D        | Reached XP level 1. HP: 18/18 MP: 1/1
     6 | D        | Reached skill level 4 in Long Blades
     8 | D        | Reached skill level 5 in Long Blades
    10 | D        | Reached ** piety under Trog
    10 | D        | Reached skill level 6 in Long Blades
    10 | D        | Reached XP level 2. HP: 24/24 MP: 2/2
    13 | D        | Reached skill level 7 in Long Blades
    51 | D        | Reached *** piety under Trog
    51 | D        | Reached skill level 8 in Long Blades
    51 | D        | Reached XP level 3. HP: 29/29 MP: 3/3
    62 | D        | Reached skill level 10 in Long Blades
    62 | D        | Reached XP level 4. HP: 36/36 MP: 4/4
   120 | D        | Found a roughly hewn altar of Beogh.
   120 | D        | Found a snail-covered altar of Cheibriados.
   120 | D        | Found a shadowy altar of Dithmenos.
   120 | D        | Found a white marble altar of Elyvilon.
   120 | D        | Found a blossoming altar of Fedhas.
   120 | D        | Found an opulent altar of Gozag.
   120 | D        | Found a hazy altar of Hepliaklqana.
   121 | D        | Found a viscous altar of Jiyva.
   122 | D        | Found an ancient bone altar of Kikubaaqudgha.
   123 | D        | Found a corrupted altar of Lugonu.
   124 | D        | Found a burning altar of Makhleb.
   125 | D        | Found a sparkling altar of Nemelex Xobeh.
   126 | D        | Found an iron altar of Okawaru.
   127 | D        | Found a stormy altar of Qazlal.
   128 | D        | Found a sacrificial altar of Ru.
   129 | D        | Found a deep blue altar of Sif Muna.
   130 | D        | Found a bloodstained altar of Trog.
   131 | D        | Found a hide-covered altar of Uskayaw.
   132 | D        | Found a radiant altar of Vehumet.
   133 | D        | Found an ornate altar of the Wu Jian Council.
   134 | D        | Found a shimmering altar of Xom.
   135 | D        | Found a basalt altar of Yredelemnul.
   136 | D        | Found a glowing silver altar of Zin.
   137 | D        | Found a glowing golden altar of the Shining One.
   185 | D        | Noticed a phantom
   185 | D        | Noticed a vampire
   185 | D        | Noticed a troll
   185 | D        | Noticed a two-headed ogre
   185 | D        | Noticed a centaur
   188 | D        | Killed a phantom
   188 | D        | Reached **** piety under Trog
   188 | D        | Reached skill level 5 in Fighting
   188 | D        | Reached skill level 11 in Long Blades
   188 | D        | Reached XP level 5. HP: 44/44 MP: 5/5
   191 | D        | Killed a vampire
   191 | D        | Reached skill level 12 in Long Blades
   191 | D        | Reached XP level 6. HP: 53/53 MP: 6/6
   195 | D        | Killed a troll
   195 | D        | Reached skill level 14 in Long Blades
   195 | D        | Reached XP level 7. HP: 62/62 MP: 7/7
   200 | D        | Killed a two-headed ogre
   200 | D        | Reached ***** piety under Trog
   200 | D        | Reached skill level 15 in Long Blades
   200 | D        | Reached skill level 5 in Armour
   200 | D        | Reached XP level 8. HP: 72/72 MP: 8/8
   203 | D        | Received a gift from Trog
   203 | D        | Reached skill level 10 in Fighting
   203 | D        | Reached skill level 16 in Long Blades
   268 | D        | Noticed a two-headed ogre
   268 | D        | Noticed a tengu warrior
   268 | D        | Noticed a manticore
   273 | D        | Killed a two-headed ogre
   273 | D        | Received a gift from Trog
   273 | D        | Reached skill level 17 in Long Blades
   273 | D        | Reached skill level 5 in Dodging
   273 | D        | Reached XP level 9. HP: 81/81 MP: 9/9
   285 | D        | Killed a tengu warrior
   285 | D        | Received a gift from Trog
   289 | D        | Killed a manticore
   289 | D        | Reached skill level 18 in Long Blades
   555 | D        | Got the +5 plate armour "Qeraech" {Int+3}
   579 | D        | Noticed a spiny frog
   579 | D        | Noticed a komodo dragon
   579 | D        | Noticed a komodo dragon
   589 | D        | Killed a spiny frog
   589 | D        | Reached skill level 1 in Shields
   589 | D        | Reached XP level 10. HP: 91/91 MP: 10/10
   592 | D        | Noticed a black mamba
   605 | D        | Received a gift from Trog
   615 | D        | Killed a black mamba
   615 | D        | Reached skill level 19 in Long Blades
   933 | D        | Noticed a spiny frog
   939 | D        | Killed a spiny frog
   941 | D        | Received a gift from Trog
   942 | D        | Noticed a spiny frog
   966 | D        | Killed a spiny frog
  1085 | D        | Reached ****** piety under Trog
  1098 | D        | Reached skill level 5 in Shields
  1100 | D        | Received a gift from Trog
  1123 | D        | Reached skill level 20 in Long Blades
  1124 | D        | Reached XP level 11. HP: 60/100 MP: 11/11
  1299 | D        | Noticed Josephine
  1310 | D        | Killed Josephine
  1310 | D        | Received a gift from Trog
  1524 | D        | Noticed an ettin
  1535 | D        | Killed an ettin
  1535 | D        | Reached skill level 10 in Throwing
  1535 | D        | Reached skill level 10 in Armour
  1537 | D        | Received a gift from Trog
  1550 | D        | Received a gift from Trog
  1556 | D        | Received a gift from Trog
  1704 | D        | Noticed an orc sorcerer
  1710 | D        | Killed an orc sorcerer
  1715 | D        | Reached skill level 15 in Fighting
  1720 | D        | Noticed an orc high priest
  1723 | D        | Reached skill level 21 in Long Blades
  1727 | D        | Received a gift from Trog
  1748 | D        | Killed an orc high priest
  2054 | D        | Found Piocusuj's Book Emporium.
  2054 | D        | Noticed an orc knight
  2054 | D        | Noticed an orc knight
  2054 | D        | Noticed an orc knight
  2054 | D        | Noticed an orc knight
  2055 | D        | Found Lehaofeg's Antique Weapon Shoppe.
  2056 | D        | Noticed an orc knight
  2065 | D        | Killed an orc knight
  2074 | D        | Noticed an orc knight
  2076 | D        | Killed an orc knight
  2076 | D        | Received a gift from Trog
  2082 | D        | Killed an orc knight
  2086 | D        | Killed an orc knight
  2086 | D        | Received a gift from Trog
  2090 | D        | Killed an orc knight
  2092 | D        | Killed an orc knight
  2095 | D        | Noticed an orc knight
  2096 | D        | Killed an orc knight
  2104 | D        | Noticed an orc knight
  2120 | D        | Killed an orc knight
  2120 | D        | Reached XP level 12. HP: 47/111 MP: 12/12
  2130 | D        | Received a gift from Trog
  2147 | D        | Found Toxoib's Book Emporium.
  2151 | D        | Found Yhiclom's Weapon Shoppe.
  2525 | D        | Noticed Psyche
  2531 | D        | Killed Psyche
  2552 | D        | Noticed Maurice
  2560 | D        | Noticed Harold
  2586 | D        | Killed Harold
  2592 | D        | Killed Maurice
  2592 | D        | Received a gift from Trog
  2972 | D        | Got the +5 plate armour "Kenkiq" {Int+2}
  3012 | D        | Noticed an ogre mage
  3012 | D        | Noticed a death knight
  3013 | D        | Noticed a fire giant
  3019 | D        | Killed an ogre mage
  3019 | D        | Reached skill level 22 in Long Blades
  3020 | D        | Noticed a death knight
  3023 | D        | Reached skill level 10 in Shields
  3024 | D        | Noticed a stone giant
  3026 | D        | Noticed an ogre mage
  3028 | D        | Killed a death knight
  3033 | D        | Noticed a stone giant
  3038 | D        | Noticed a centaur warrior
  3038 | D        | HP: 4/113 [fire giant/bolt of fire (36)]
  3045 | D        | Killed from afar by a fire giant

Vault maps used:
D:        linesprint

Skill      XL: |  1  2  3  4  5  6  7  8  9 10 11 12 |
---------------+-------------------------------------+-----
Long Blades    | 6 8 10 11 12 14 15 17 18 20 21 22 | 22.2
Fighting       | 5 6 8 9 11 12 14 15 16 | 16.5
Throwing       | 2 3 4 6 7 8 9 11 12 | 12.1
Armour         | 3 4 5 6 7 9 11 12 | 12.1
Dodging        | 3 4 5 6 |  6.9
Shields        | 1 5 9 10 | 10.1

Action                   |  1- 3 |  4- 6 |  7- 9 | 10-12 || total
-------------------------+-------+-------+-------+-------++-------
Melee: Falchion          |    17 |       |       |       ||    17
       Scimitar          |       |     9 |    37 |   225 ||   271
Throw: Tomahawk          |       |       |       |    11 ||    11
       Javelin           |       |       |       |     7 ||     7
Invok: Berserk           |     2 |     1 |     2 |     7 ||    12
       Brothers in Arms  |       |       |       |     7 ||     7
       Trog's Hand       |       |       |       |     2 ||     2
  Use: Scroll            |       |       |       |     1 ||     1
  Eat: Chunk             |       |       |     2 |    12 ||    14
       Fruit             |       |       |       |     1 ||     1
       Bread ration      |       |       |       |     2 ||     2
Armor: Chain mail        |       |     4 |     6 |       ||    10
       Plate armour      |       |       |     4 |    84 ||    88
Dodge: Dodged            |     7 |       |     9 |    70 ||    86
Block: Buckler           |       |       |     2 |    42 ||    44
       Large shield      |       |       |       |    10 ||    10
       Rpst.: Falchion   |     4 |       |       |       ||     4
       Scimitar          |       |       |     2 |    10 ||    12
